 Dungeon Crawl Stone Soup version 0.17-a0-1651-gae1a69f (webtiles) character file.

375 glukozy the Gusty (level 6, -3/32 HPs)
             Began as a Tengu Air Elementalist on Aug 14, 2015.
             Slain by a giant frog (5 damage)
             ... on level 5 of the Dungeon.
             The game lasted 00:23:15 (3616 turns).

glukozy the Gusty (Tengu Air Elementalist)          Turns: 3616, Time: 00:23:15

Health: -3/32      AC:  5    Str:  9      XL:     6   Next: 72%
Magic:  2/12       EV: 14    Int: 13 (16) God:
Gold:   203        SH:  0    Dex: 15      Spells: 3 memorised, 4 levels left

rFire  + . .     SeeInvis .     (no weapon)
rCold  . . .     Clarity  .     k - +2 leather armour {rF+}
rNeg   . . .     SustAt   .     (no shield)
rPois  .         Gourm    .     (helmet restricted)
rElec  .         Spirit   .     (no cloak)
rCorr  .         Warding  .     (no gloves)
rMut   .         Stasis   .     (boots unavailable)
MR     +....                    (no amulet)
Stlth  ++........               i - ring of protection from magic
                                d - +2 ring of evasion

@: very slightly contaminated, somewhat resistant to hostile enchantments,
unstealthy
A: beak, talons 3, able to fly 1
a: Fly


You were on level 5 of the Dungeon.
You were not hungry.

You visited 1 branch of the dungeon, and saw 5 of its levels.
You also visited: Sewer.

You collected 203 gold pieces.

Inventory:

Hand weapons
 y - a +0 quarterstaff
 B - a +2 mace of protection
Missiles
 f - 7 needles of paralysis
 q - 6 tomahawks (quivered)
 w - 20 poisoned needles
Armour
 a - a +0 robe
 k - a +2 leather armour of fire resistance (worn)
 C - a +0 robe
Jewellery
 d - a +2 ring of evasion (left hand)
 i - a ring of protection from magic (right hand)
 l - an uncursed ring of see invisible
Magical devices
 m - a wand of heal wounds (1)
 A - a wand of slowing (10)
Scrolls
 h - a scroll of recharging
 j - 2 scrolls of amnesia {unknown}
 n - a scroll of teleportation {unknown}
 o - a scroll of random uselessness {unknown}
 p - 8 scrolls of identify
 t - a scroll of enchant weapon {unknown}
Potions
 e - a potion of degeneration
 g - a potion of cancellation
 v - 2 potions of heal wounds {unknown}
 x - 2 potions of flight {unknown}
 z - a potion of curing
Books
 b - a book of Air

   Spells                             Type                      Level
   a - Shock                          Conjuration/Air              1
   b - Swiftness                      Charms/Air                   2
   c - Repel Missiles                 Charms/Air                   2
   d - Static Discharge               Conjuration/Air              3
   e - Lightning Bolt                 Conjuration/Air              5
Comestibles
 c - 2 bread rations
 r - 2 meat rations
 s - 2 chunks of flesh
 u - 3 beef jerkies


   Skills:
 - Level 2.1 Dodging
 - Level 2.0 Stealth
 + Level 3.9 Spellcasting
 + Level 4.2 Conjurations
 + Level 7.1 Air Magic


You had 4 spell levels left.
You knew the following spells:

 Your Spells              Type           Power        Failure   Level  Hunger
a - Shock                 Conj/Air       ###.         2%          1    None
b - Swiftness             Chrm/Air       ##......     12%         2    ##.....
c - Lightning Bolt        Conj/Air       ###.......   82%         5    ######.


Dungeon Overview and Level Annotations

Branches:
Dungeon (5/15)
 Temple: D:4-7

Altars:
Makhleb
Okawaru

Annotations:
D:3 Terence


Innate Abilities, Weirdness & Mutations

You have a beak for a mouth.
You have claws for feet.
You can fly.


Message History

Aim: a giant frog (heavily wounded)
The zap hits the giant frog.
The giant frog is severely wounded.
The zap hits the giant cockroach.
The giant cockroach is severely wounded.
The giant frog closely misses you.
Casting: Shock
Confirm with . or Enter, or press ? or * to list all spells.
Aiming: Shock
Press: ? - help, Shift-Dir - straight line, f/p - giant frog
Aim: a giant frog (severely wounded)
The zap hits the giant frog.
The giant frog is almost dead.
The giant frog hits you.
* * * LOW HITPOINT WARNING * * *
The giant cockroach bites you but does no damage.
The giant frog hits you!
* * * LOW HITPOINT WARNING * * *
The giant frog hits you.
You die...

#.#..#.).).#...## ..
#.#.##.._..##.##
##..#
.....#...)[#..#
##.†† #............#
##..$
#.....###....## #..#
##.....#......# ##.#
####.....###.####..#
####### #..##>.##
##.@F.## ###s.##
#...# #...# #...#
#####


You could see a giant frog and a giant cockroach.

Vanquished Creatures
  A big kobold (Sewer)
  2 orc wizards (D:3)
  A giant frog zombie (D:5)
  An orc priest (D:3)
  Ijyb (D:2)
  4 adders
  A river rat (Sewer)
  2 oozes (D:1)
  A worm (D:3)
  8 giant geckos
  6 orcs (D:3)
  5 bats
  8 giant cockroaches
  11 goblins
  6 hobgoblins
  3 jackals
  A ball python (D:1)
  A giant gecko skeleton (D:3)
  5 giant newts
  16 kobolds
  3 quokkas
  11 rats
98 creatures vanquished.

Notes
Turn   | Place    | Note
--------------------------------------------------------------
     0 | D:1      | glukozy the Tengu Air Elementalist began the quest for the Orb.
     0 | D:1      | Reached XP level 1. HP: 10/10 MP: 4/4
   123 | D:1      | Reached XP level 2. HP: 9/15 MP: 0/6
   594 | D:1      | Reached skill level 5 in Air Magic
   773 | D:1      | Reached XP level 3. HP: 19/19 MP: 3/7
  1351 | D:2      | Found a faded altar to an unknown god.
  1369 | D:2      | Reached XP level 4. HP: 24/24 MP: 6/8
  1462 | D:2      | Learned a level 2 spell: Swiftness
  1637 | D:2      | Noticed Ijyb
  1709 | D:2      | Killed Ijyb
  2059 | D:3      | Found a burning altar of Makhleb.
  2211 | D:3      | Reached skill level 6 in Air Magic
  2211 | D:3      | Gained mutation: You can fly. [Tengu growth]
  2211 | D:3      | Reached XP level 5. HP: 2/28 MP: 3/10
  2797 | D:3      | Reached XP level 6. HP: 28/32 MP: 4/12
  2811 | D:3      | Noticed Terence
  2858 | D:3      | Learned a level 5 spell: Lightning Bolt
  2963 | D:4      | Found a glowing drain.
  2985 | Sewer    | Entered a sewer
  3255 | Sewer    | Found a white marble altar of Elyvilon.
  3389 | D:5      | Entered Level 5 of the Dungeon
  3426 | D:5      | Reached skill level 7 in Air Magic
  3547 | D:5      | Found an iron altar of Okawaru.
  3616 | D:5      | Slain by a giant frog

Vault maps used:
D:1:      erik_arrival_gehennom
D:2:      kennysheep_the_goblin_king, ecumenical_altar_1, kennysheep_crisscross,
          minmay_bisected
D:3:      lemuel_round_altar, lightli_corner_chamber, uniq_terence
D:4:      portal_sewer_entry_f, minmay_stone_trees_medium, uniq_blork_the_orc
D:5:      fedhas_bush_and_centaur_altar, bloody_trog, okawaru_ov_weapons_minmay,
          first_bread
Sewer:    sewer_kobolds

Action                   |  1- 3 |  4- 6 || total
-------------------------+-------+-------++-------
Melee: Unarmed           |    18 |    83 ||   101
 Cast: Shock             |    59 |   163 ||   222
       Swiftness         |       |     1 ||     1
  Use: Scroll            |       |     6 ||     6
       Potion            |       |     4 ||     4
 Stab: Sleeping          |     1 |       ||     1
  Eat: Chunk             |     2 |     8 ||    10
       Fruit             |       |     1 ||     1
